 Dungeon Crawl Stone Soup version 0.29.1-4-g47bece8355 (webtiles) character file.

Game seed: 13079102452771308740

51 Anriel the Shooter (level 3, 0/21 HPs)
             Began as a Deep Elf Hunter on Dec 6, 2022.
             Slain by a bat (1 damage)
             ... on level 3 of the Dungeon.
             The game lasted 00:11:34 (2281 turns).

Anriel the Shooter (Deep Elf Hunter)                Turns: 2281, Time: 00:11:34

Health: 0/21       AC:  3    Str:  8    XL:     3   Next: 58%
Magic:  5/5        EV: 13    Int: 13    God:
Gold:   205        SH:  0    Dex: 20    Spells: 2/2 levels left

rFire   . . .      SeeInvis .   a - +2 shortbow
rCold   . . .      Faith    .   (shield currently unavailable)
rNeg    . . .      Spirit   .   c - +0 leather armour
rPois   .          Reflect  .   (no helmet)
rElec   .          Harm     .   h - scarf {repulsion}
rCorr   +          Rampage  .   (no gloves)
Will    .....                   (no boots)
Stlth   ++........              (no amulet)
HPRegen 0.07/turn               e - ring of resist corrosion
MPRegen 0.09/turn               (no ring)

@: repel missiles
A: no striking features
a: no special abilities


You were on level 3 of the Dungeon.
You visited 1 branch of the dungeon, and saw 3 of its levels.

You collected 205 gold pieces.

Inventory:

Hand Weapons
 a - a +2 shortbow (weapon)
 f - a +0 dagger
Armour
 c - a +0 leather armour (worn)
 d - a +0 ring mail
 h - a scarf of repulsion (worn)
Jewellery
 e - a ring of resist corrosion (left hand)
 k - a ring of ice
Scrolls
 b - 2 scrolls of immolation
Potions
 g - 2 potions of mutation {unknown}
 i - a potion of magic {unknown}
 j - a potion of berserk rage {unknown}
 l - a potion of might {unknown}
 m - a potion of flight {unknown}
 n - a potion of curing {unknown}
 o - a potion of resistance {unknown}
 p - a potion of ambrosia {unknown}
 q - a potion of degeneration {unknown}


   Skills:
 + Level 1.7 Fighting
 + Level 6.6 Ranged Weapons
 - Level 3.0 Dodging
 + Level 1.2 Stealth


You had 2 spell levels left.
You didn't know any spells.
Your spell library was empty.

Dungeon Overview and Level Annotations

Branches:
Dungeon (3/15)

Altars:

Annotations:
D:3 Terence


Message History

The arrow hits the kobold but does no damage.
The kobold throws a stone.
The stone closely misses you.
Fire: a) +2 shortbow
Press: ? - help, Q - select action Shift-Dir - straight line, f/p - kobold
Aim: a kobold, wielding a +0 short sword and quivering stones (61% to hit)
You shoot an arrow. The arrow hits the kobold!
You kill the kobold!
A giant cockroach comes into view.
Fire: a) +2 shortbow
Press: ? - help, Q - select action Shift-Dir - straight line, f - giant cockroach
Aim: a giant cockroach (67% to hit)
You shoot an arrow. The arrow hits the giant cockroach!
You kill the giant cockroach!
Terence the Incautious comes into view.
He is wielding a +0 falchion and wearing a +2 scale mail of fire resistance.
Found a scroll of teleportation.
Found 6 gold pieces.
You see here a scroll of teleportation.
r - a scroll of teleportation Terence closely misses you.
Terence attacks as you move away! Terence hits you with a +0 falchion.
Terence attacks as you move away! Terence hits you with a +0 falchion.
Found a lumpy cabochon amulet.
A bat comes into view.
As you read the scroll of teleportation, it crumbles to dust.
You feel strangely unstable. Terence hits you with a +0 falchion!
* * * LOW HITPOINT WARNING * * *
Terence attacks as you move away! Terence barely misses you.
Terence attacks as you move away! Terence hits you with a +0 falchion.
* * * LOW HITPOINT WARNING * * *
The bat barely misses you. Terence attacks as you move away!
Terence closely misses you.
Your surroundings seem slightly different.
Okay, then.
The bat barely misses you.
Found a runed tourmaline ring.
Terence shouts, "DIE!!!"
The bat attacks as you move away! The bat barely misses you.
The bat hits you but does no damage. The bat hits you.
You die...

#..###..## #..##......
#.. ##..##..###.....#
#..####..##...........
.##......@####..#.......
..........# ........
=........## ..#....
.........# #.#...
........## #..#..
......b@# #...#.
#####.#.# #....# #.#.#
#.##.. #.... #.##.. #
... #....# ##### #...#.
#..#.. #.#... ##....


You could see Terence and a bat.

Vanquished Creatures
  An adder (D:2)
  2 worms (D:2)
  An orc (D:3)
  5 endoplasms
  2 giant cockroaches
  A hobgoblin (D:2)
  2 jackals (D:2)
  A quokka (D:1)
  5 ball pythons (D:1)
  3 bats
  2 frilled lizards
  A goblin (D:2)
  6 kobolds
  4 rats
36 creatures vanquished.

Notes
Turn   | Place    | Note
-------+----------+-------------------------------------------
     0 | D:1      | Anriel the Deep Elf Hunter began the quest for the Orb.
     0 | D:1      | Reached XP level 1. HP: 12/12 MP: 3/3
   300 | D:1      | Reached XP level 2. HP: 14/16 MP: 4/4
   713 | D:1      | Reached skill level 6 in Ranged Weapons
   735 | D:1      | Found a faded altar of an unknown god.
  1287 | D:2      | Reached XP level 3. HP: 2/21 MP: 5/5
  2247 | D:3      | Noticed Terence
  2276 | D:3      | HP: 1/21 [Terence/+0 falchion (5)]
  2281 | D:3      | Slain by a bat

Illustrated notes

Levels and vault maps discovered:
D:1:      wander_arrival_peaceful_grave, layout_basic,
          shapermc_ecumenical_altar_hornbeckon, minmay_hexomino_f4
D:2:      layout_basic, nicolae_eternal_life
D:3:      layout_rooms, general_overflow_altar, jmf_multi_god_temple2,
          serial_shops, nicolae_square_shop, minivault_26, minmay_misc_feat_x,
          uniq_terence

Skill      XL: |  1  2 |
---------------+-------+-----
Ranged Weapons | 6 |  6.6
Dodging        | 3 |  3.0
Fighting       | |  1.7
Stealth        | |  1.2

Action                   || total
-------------------------++-------
 Fire: Shortbow          ||    85
  Use: Scroll            ||     9
       Potion            ||     1
Armor: Leather armour    ||     6
Dodge: Dodged            ||    29
